 Dungeon Crawl Stone Soup version 0.30-a0-1157-g2cc9ac7196 (webtiles) character file.

Game seed: 5155625606564226077

525 cheesebisquit the Chopper (level 7, -13/61 HPs)
             Began as a Hill Orc Monk on Apr 24, 2023.
             Was a Believer of Beogh.
             Killed by divine providence
             ... invoked by an orc priest
              (15 damage)
             ... on level 5 of the Dungeon.
             The game lasted 00:13:17 (3781 turns).

cheesebisquit the Chopper (Hill Orc Monk)           Turns: 3781, Time: 00:13:18

Health: -13/61     AC: 12    Str: 16    XL:     7   Next: 23%
Magic:  7/7        EV:  8    Int: 10    God:    Beogh [**....]
Gold:   84         SH:  5    Dex: 13    Spells: 6/6 levels left

rFire   . . .        a - +0 hand axe
rCold   . . .        s - +1 buckler
rNeg    . . .        m - +0 chain mail
rPois   .            (no helmet)
rElec   .            (no cloak)
rCorr   .            r - +2 pair of gloves
SInv    .            (no boots)
Will    .....        (no amulet) Stlth
                     (no ring)
HPRegen 0.30/turn    (no ring)
MPRegen 0.10/turn

%: no passive effects
@: no status effects
A: no striking features
a: Renounce Religion, Smiting


You were on level 5 of the Dungeon.
You worshipped Beogh.
Beogh was pleased with you.
You visited 2 branches of the dungeon, and saw 6 of its levels.

You collected 265 gold pieces.
You spent 181 gold pieces at shops.

Inventory:

Hand Weapons
 a - a +0 hand axe (weapon)
 e - a +0 morningstar
 i - a +0 flail
Missiles
 k - 8 poisoned darts (quivered)
 p - a throwing net
Armour
 m - a +0 chain mail (worn)
 r - a +2 pair of gloves (worn)
 s - a +1 buckler (worn)
Scrolls
 b - 2 scrolls of blinking
 f - 2 scrolls of enchant armour
 g - 2 scrolls of vulnerability
 j - a scroll of brand weapon
 o - a scroll of teleportation {unknown}
 q - a scroll of amnesia {unknown}
 t - 2 scrolls of immolation {unknown}
 u - a scroll of fear {unknown}
 v - a scroll of noise
 w - a scroll of identify
Potions
 h - 2 potions of mutation {unknown}
 l - a potion of flight
 n - 4 potions of curing


   Skills:
 + Level 5.2 Fighting
 * Level 7.0 Axes
 + Level 3.0 Armour
 + Level 3.5 Dodging
 + Level 2.3 Shields


You had 6 spell levels left.
You didn't know any spells.
Your spell library contained the following spells:

 Spells                   Type           Power      Damage    Failure   Level
 Apportation              Tloc           0%         N/A       99%         1
 Necrotise                Necr           0%         1d4       99%         1
 Summon Small Mammal      Summ           0%         N/A       99%         1
 Call Canine Familiar     Summ           0%         N/A       100%        3
 Portal Projectile        Hex/Tloc       0%         N/A       100%        3
 Leda's Liquefaction      Hex/Erth       0%         N/A       100%        4


Dungeon Overview and Level Annotations

Branches:
Dungeon (5/15)             Temple (1/1) D:4

Altars:
Ashenzari
Dithmenos
Elyvilon
Fedhas
Hepliaklqana
Kikubaaqudgha
Makhleb
Nemelex Xobeh
Okawaru
Qazlal
Ru
Sif Muna
Trog
Uskayaw
Vehumet
Wu Jian
Xom
Yredelemnul
Zin
The Shining One

Shops:
D:4 ?!


Message History

The gnoll hits you but does no damage. The gnoll hits you with a +0 halberd.
You block the gnoll's attack. The gnoll barely misses you.
You closely miss the gnoll.
The gnoll is almost dead.
You hit the hound but do no damage. You closely miss the gnoll.
You block the hound's attack.
The gnoll hits you from afar with a +0 spear.
The hound bites you. The gnoll hits you with a +0 halberd.
The gnoll hits you from afar with a +0 spear!
The gnoll hits you with a +0 whip.
* * * LOW HITPOINT WARNING * * *
The gnoll barely misses you. The hound bites you.
* * * LOW HITPOINT WARNING * * *
Okay, then.
You block the hound's attack. The hound bites you.
* * * LOW HITPOINT WARNING * * *
The hound attacks as you move away! The hound bites you but does no damage.
An orc priest comes into view. It is wielding a +0 club.
Found a stone staircase leading down.
The hound pauses to sniff the ground.
You block the hound's attack.
An orc comes into view. It is wielding a +0 club.
The hound closely misses you. The hound attacks as you move away!
You block the hound's attack. The hound barely misses you. The hound bites you.
* * * LOW HITPOINT WARNING * * *
The orc priest calls down the wrath of Beogh upon you.
Beogh smites you!
* * * LOW HITPOINT WARNING * * *
The hound attacks as you move away! The hound bites you but does no damage.
The hound attacks as you move away! The hound bites you.
* * * LOW HITPOINT WARNING * * *
The hound bites you but does no damage.
The orc priest mumbles some strange prayers to Beogh against you.
Beogh smites you!
You die...
Beogh appreciates the orc priest's killing of a heretic priest.

,,,,.......,***#..###.$##
,..........*###...#.#...*
......#....##.........#**
......#...##...#.....####
,.....##...!...##.......#
,......##$.....#........#
,*##.......###.#.<......#
###.........##......#.###
...........####.@...#**
......>.#..####h....#*
.#.##...##...#..##...#*
##......#.g...o.###...#**
........#..r..o..#*.....*
#..........g.....#*....#*
#................#*,...#
##.......g.........,,###
#..................**


You could see a hound, an orc priest, 2 gnolls, an orc and a quokka.

Vanquished Creatures
  2 scorpions
  A howler monkey (D:4)
  2 orc priests (D:4)
  An iguana (D:4)
  3 iron imps (D:3)
  4 gnolls (D:4)
  5 adders
  A river rat (D:4)
  A white imp (D:5)
  3 dart slugs
  9 orcs
  7 ball pythons
  6 bats
  10 endoplasms
  6 giant cockroaches
  8 goblins
  3 hobgoblins
  4 jackals (D:4)
  3 kobolds
  3 quokkas
  3 frilled lizards
  7 rats
92 creatures vanquished.

Vanquished Creatures (others)
  An orc priest (D:4)
  2 orcs (D:4)
3 creatures vanquished.

Grand Total: 95 creatures vanquished

Notes
Turn   | Place    | Note
-------+----------+-------------------------------------------
     0 | D:1      | cheesebisquit the Hill Orc Monk began the quest for the
                  | Orb.
     0 | D:1      | Reached XP level 1. HP: 19/19 MP: 1/1
   397 | D:1      | Reached XP level 2. HP: 25/27 MP: 2/2
   959 | D:2      | Reached skill level 1 in Armour
   959 | D:2      | Reached XP level 3. HP: 33/33 MP: 3/3
  1606 | D:3      | Reached skill level 5 in Axes
  1606 | D:3      | Reached XP level 4. HP: 39/40 MP: 4/4
  1869 | D:3      | Found a white marble altar of Elyvilon.
  1905 | D:3      | Found a burning altar of Makhleb.
  1950 | D:3      | Reached XP level 5. HP: 25/47 MP: 5/5
  1960 | D:3      | Reached skill level 1 in Shields
  2218 | D:3      | Found a radiant altar of Vehumet.
  2284 | D:3      | Found a sacrificial altar of Ru.
  2392 | D:4      | Became a worshipper of Beogh the Brigand
  2392 | D:4      | Reached * piety under Beogh
  2392 | D:4      | Reached ** piety under Beogh
  2461 | D:3      | Reached skill level 6 in Axes
  2461 | D:3      | Reached XP level 6. HP: 15/53 MP: 6/6
  2803 | D:4      | Found Noocwoon's Magic Scroll Shoppe.
  2930 | D:4      | Bought a scroll of identify for 22 gold pieces
  2930 | D:4      | Bought a scroll of identify for 22 gold pieces
  2930 | D:4      | Bought a scroll of noise for 11 gold pieces
  2930 | D:4      | Bought a scroll of identify for 22 gold pieces
  2930 | D:4      | Bought a scroll of identify for 22 gold pieces
  2930 | D:4      | Bought a scroll of enchant armour for 82 gold pieces
  2938 | D:4      | Found Zyroumas's Distillery.
  2993 | D:4      | Reached skill level 5 in Fighting
  3046 | D:4      | Found a glowing drain.
  3146 | D:4      | Found a shadowy altar of Dithmenos.
  3294 | D:4      | Reached XP level 7. HP: 61/61 MP: 7/7
  3356 | D:4      | Found a staircase to the Ecumenical Temple.
  3381 | Temple   | Entered the Ecumenical Temple
  3477 | D:4      | Reached skill level 7 in Axes
  3733 | D:5      | Entered Level 5 of the Dungeon
  3781 | D:5      | HP: 2/61 [hound (5)]
  3781 | D:5      | Killed from afar by an orc priest

Illustrated notes

Levels and vault maps discovered:
D:1:      dpeg_arrival_shrine, layout_basic, minmay_door_square
D:2:      layout_loops_cross
D:3:      layout_basic, pf_just_have_faith, nicolae_overflow_crystal_walls,
          demons_altar, nicolae_vehumet_radiance, amcnicky_mini_pool_small
D:4:      layout_basic, nicolae_dithmenos_the_darkroom,
          minmay_temple_entry_stoned_glass, portal_sewer_entry_a, serial_shops,
          nicolae_shop_tiny_glass, shop, minmay_misc_feat_secret_circle
D:5:      layout_cave_pools, mainiacjoe_overflow_chevrons,
          gammafunk_ghost_grave, uniq_menkaure
Temple:   minmay_freezing_vapour_temple

Skill      XL: |  1  2  3  4  5  6  7 |
---------------+----------------------+-----
Armour         | 1 2 3 |  3.0
Fighting       | 4 5 |  5.2
Axes           | 5 6 7 |  7.0
Dodging        | 3 |  3.5
Shields        | 1 2 |  2.3

Action                     |  1- 3 |  4- 6 |  7- 9 || total
---------------------------+-------+-------+-------++-------
  Melee: Hand axe          |   102 |   274 |    40 ||   416
  Throw: Dart              |       |    11 |       ||    11
 Invoke: Convert to Beogh  |       |     1 |       ||     1
    Use: Scroll            |       |     9 |     1 ||    10
         Potion            |       |     3 |       ||     3
 Armour: Robe              |     1 |       |       ||     1
         Ring mail         |    39 |    68 |       ||   107
         Chain mail        |       |    52 |    30 ||    82
  Dodge: Dodged            |    47 |   129 |    22 ||   198
  Block: Buckler           |       |    50 |    13 ||    63

Table legend: (Time is in decaauts)
 A = Elapsed time spent in this place.
 B = Non-inter-level travel time spent in this place.
 C = Inter-level travel time spent in this place.
 D = Time resting spent in this place.
 E = Time spent auto-exploring this place.
 F = Levels seen in this place.
 G = Mean time per level.
                   A        B        C        D        E       F      G
               +--------+--------+--------+--------+--------+-----+--------+
         Total |   3784 |   3680 |    104 |    136 |   2659 |   6 |  630.7 |
       Dungeon |   3768 |   3668 |    100 |    136 |   2649 |   5 |  753.6 |
        Temple |     15 |     11 |      4 |      0 |     10 |   1 |   15.0 |
               +--------+--------+--------+--------+--------+-----+--------+

Top non-repeatable levels by time:
     D:4: 1198 daAuts
     D:1: 876 daAuts
     D:3: 857 daAuts
     D:2: 788 daAuts
     D:5: 47 daAuts
  Temple: 15 daAuts
